 Dungeon Sprint DCSS version 0.17-a0-226-ge260c71 (webtiles) character file.

13679 BluebellGnoll the Eclecticist (level 12, -4/115 HPs)
             Began as an Octopode Fire Elementalist on Mar 28, 2015.
             Was the Champion of Vehumet.
             Slain by a tentacled monstrosity (10 damage)
             ... in the Dungeon (Sprint V: "Ziggurat Sprint").
             The game lasted 00:20:54 (1401 turns).

BluebellGnoll the Eclecticist (OpFE)                Turns: 1401, Time: 00:20:55

Health: -4/115     AC:  1    Str: 24    XL:     12   Next: 8%
Magic:  36/40      EV: 33    Int: 41    God:    Vehumet [******]
Gold:   0          SH:  0    Dex: 24    Spells: 9 memorised, 9 levels left

rFire  . . .     SeeInvis .     u - +6 Majin-Bo {vamp, Archmagi MP+6 Int+6}
rCold  . . .     Clarity  .     (no shield)
rNeg   + . .     SustAb   .     (helmet restricted)
rPois  .         Gourm    .     U - amulet of warding
rElec  .         Spirit   .     m - +6 ring of dexterity
rCorr  .         Warding  +     n - +6 ring of dexterity
rMut   .         NoTele   +     o - +6 ring of intelligence
MR     +....                    p - +6 ring of intelligence
Stlth  ..........               q - +6 ring of strength
                                r - +6 ring of strength
                                Q - ring of protection from magic
                                (no ring)

@: mighty, berserking, lethally poisoned (-4 -> -18), phasing, very slightly
contaminated, hasted, constricted, studying Charms, very quick, somewhat
resistant to hostile enchantments, extremely unstealthy
A: almost no armour, amphibious, 8 rings, constrict 8, camouflage 1, gelatinous
body 1
a: Renounce Religion


You were in the Dungeon.
You worshipped Vehumet.
Vehumet was exalted by your worship.
You were not hungry.

You visited 1 branch

Inventory:

Hand weapons
 u - the +6 Majin-Bo (weapon) {vamp, Archmagi MP+6 Int+6}
   (You found it in the Dungeon)

   It inflicts no extra harm, but heals its wielder somewhat when it strikes a
   living foe.
   It affects your intelligence (+6).
   It affects your magic capacity (+6).
 L - a +5 lajatang of freezing
Magical staves
 s - an uncursed staff of energy
Rods
 T - a +2 rod of destruction (14/14)
   (You found it in the Dungeon)
Jewellery
 m - a +6 ring of dexterity (left tentacle)
 n - a +6 ring of dexterity (right tentacle)
 o - a +6 ring of intelligence (on tentacle)
 p - a +6 ring of intelligence (on tentacle)
 q - a +6 ring of strength (on tentacle)
 r - a +6 ring of strength (on tentacle)
 M - an uncursed amulet of stasis
 O - an uncursed amulet of resist corrosion
 Q - a ring of protection from magic (on tentacle)
 U - an amulet of warding (around mantle)
 X - an uncursed amulet of regeneration
Magical devices
 a - a wand of disintegration (7)
 j - a wand of fire (5)
 k - a wand of cold (4)
 l - a wand of draining (5)
Scrolls
 i - 3 scrolls of blinking
 x - 4 scrolls of amnesia
 y - 3 scrolls of recharging
 z - 7 scrolls of fog
 A - a scroll of holy word
 B - 5 scrolls of identify
 C - 5 scrolls of remove curse
 D - 2 scrolls of fear
Potions
 d - 9 potions of curing
 e - 7 potions of heal wounds
 f - 4 potions of haste
 g - 7 potions of magic
 h - 2 potions of berserk rage
 E - 2 potions of brilliance
 F - a potion of invisibility
 G - 2 potions of restore abilities
 H - 4 potions of resistance
 J - 4 potions of agility
 K - 3 potions of might
Books
 N - an Akashic Record This book is beyond your current level of understanding.

   Spells                             Type                      Level
   a - Dispersal                      Translocation                6
   b - Controlled Blink               Translocation                7
   c - Malign Gateway                 Summoning/Translocation      7
   d - Disjunction                    Translocation                8
   e - Singularity                    Translocation                9
 R - Cerebov's Grimoire of Confrontation and the Volcanoes
   (You found it in the Dungeon)

   Spells                             Type                      Level
   a - Throw Flame                    Conjuration/Fire             2
   b - Mephitic Cloud                 Conjuration/Poison/Air       3
   c - Bolt of Fire                   Conjuration/Fire             6
   d - Ring of Flames                 Charms/Fire                  7
 W - a manual of Charms
 Y - a book of Conjurations

   Spells                             Type                      Level
   a - Magic Dart                     Conjuration                  1
   b - Searing Ray                    Conjuration                  2
   c - Dazzling Spray                 Conjuration/Hexes            3
   d - Fulminant Prism                Conjuration/Hexes            4
   e - Iskenderun's Mystic Blast      Conjuration                  4
   f - Iskenderun's Battlesphere      Conjuration/Charms           5
Miscellaneous
 t - a crystal ball of energy
 I - a fan of gales
 P - a disc of storms
 S - a legendary deck of defence {drawn: 1}
 V - a legendary deck of summoning {drawn: 1}
Comestibles
 b - 2 chunks of flesh
 c - 5 bread rations
 v - 40 fruits
 w - 4 meat rations


   Skills:
 - Level 5.0 Fighting
 - Level 9.7 Staves
 + Level 11.4 Dodging
 - Level 2.6 Stealth
 + Level 15.1 Spellcasting
 - Level 5.7 Conjurations
 - Level 12.8 Hexes
 - Level 6.7 Translocations
 - Level 9.4 Fire Magic
 - Level 5.7 Ice Magic
 - Level 5.4 Air Magic


You had 9 spell levels left.
You knew the following spells:

 Your Spells              Type           Power        Failure   Level  Hunger
a - Flame Tongue          Conj/Fire      #####        1%          1    None
b - Throw Flame           Conj/Fire      ######       1%          2    None
c - Mass Confusion        Hex            ########..   1%          6    None
d - Stone Arrow           Conj/Erth      ######       1%          3    None
e - Phase Shift           Tloc           #######...   1%          5    None
f - Fireball              Conj/Fire      #######...   1%          5    None
g - Mephitic Cloud        Conj/Pois/Air  #######.     1%          3    None
h - Apportation           Tloc           #######...   1%          1    None
l - Freezing Cloud        Conj/Ice/Air   #######...   4%          6    None


Dungeon Overview and Level Annotations

Branches:
Dungeon (1/1)

Altars:
Ashenzari
Cheibriados
Dithmenos
Elyvilon
Fedhas
Gozag
Kikubaaqudgha
Makhleb
Nemelex Xobeh
Okawaru
Qazlal
Ru
Sif Muna
Trog
Vehumet
Xom
Yredelemnul
Zin
The Shining One
Beogh
Jiyva
Lugonu


Innate Abilities, Weirdness & Mutations

You cannot wear most types of armour.
You are amphibious.
You can wear up to eight rings at the same time.
You can use your tentacles to constrict many enemies at once.
Your skin changes colour to match your surroundings (Stealth).
Your rubbery body absorbs attacks (AC +1).


Message History

The tentacled monstrosity grabs you.
* * * LOW HITPOINT WARNING * * *
The tentacled monstrosity constricts you!
Unknown command.
You barely miss the tentacled monstrosity.
You squeeze the tentacled monstrosity!
The tentacled monstrosity is severely wounded.
* * * LOW HITPOINT WARNING * * *
You feel sick.
The green draconian is engulfed in freezing vapours.
The green draconian seems to slow down.
The black draconian breathes lightning at you.
The bolt of lightning misses you.
You hit the tentacled monstrosity!
Your squeeze misses the tentacled monstrosity.
The tentacled monstrosity is almost dead.
* * * LOW HITPOINT WARNING * * *
You feel sick.
The tentacled monstrosity tentacle-slaps you!
You die...

▓.........▓.......▓
▓.........▓.......▓
▓....)....▓.......▓
▓.▓.....▓.▓.▓...▓.▓
▓.........▓.......▓
▓▓▓▓▓▓▓▓▓▓▓▓▓▓▓▓▓▓▓▓▓
▓...8©8...▓...8©8...▓
▓..|[:|)..▓..[:||...▓
▓..§d@|)..▓......)..▓
▓.§§dXd...▓.........▓
▓.§§§§Dd..▓..).†....▓
▓.§§§§§§§.▓....)..).▓
▓....§§§..▓....).)..▓
▓.........▓.........▓
▓.▓.....▓.▓.........▓
▓.........▓▓▓▓▓▓▓▓▓▓▓
▓▓▓▓▓▓▓▓▓▓▓


You could see a tentacled monstrosity, a black draconian, a green draconian, a
purple draconian, a grey draconian and an ice dragon.

Vanquished Creatures
  A stone giant (D)
  A yellow draconian (D)
  A purple draconian (D)
  2 mottled draconians (D)
  A deep elf knight (D)
  An orb spider (shapeshifter) (D)
  An ironbrand convoker (D)
  An orc knight (D)
  4 deep elf conjurers (D)
  A wolf spider (D)
  An ugly thing (D)
  A kobold demonologist (D)
  A fire drake (shapeshifter) (D)
  2 deep elf priests (D)
  A hellwing (D)
  2 jumping spiders (D)
  6 spriggans (D)
  4 deep elf magi (D)
  A tarantella (D)
  2 deep elf fighters (D)
  A vampire mosquito (D)
  A wolf (shapeshifter) (D)
  2 water moccasins (D)
  3 wolves (D)
  4 wasps (D)
  A necrophage (D)
  A scorpion (D)
  A wight (D)
  A quasit (D)
  2 iron imps (D)
  An adder (D)
  A giant mite (D)
  2 white imps (D)
  A shadow imp (D)
  2 ball pythons (D)
  3 fungi (D)
62 creatures vanquished.

Vanquished Creatures (others)
  A very ugly thing (D)
  A spatial maelstrom (D)
2 creatures vanquished.

Grand Total: 64 creatures vanquished

Notes
Turn   | Place    | Note
--------------------------------------------------------------
     0 | D        | BluebellGnoll, the Octopode Fire Elementalist, began the quest for the Orb.
     0 | D        | Reached XP level 1. HP: 11/11 MP: 3/3
     0 | D        | Found a viscous altar of Jiyva.
     0 | D        | Found a corrupted altar of Lugonu.
     0 | D        | Found a white marble altar of Elyvilon.
     2 | D        | Found a sparkling altar of Nemelex Xobeh.
     2 | D        | Found a burning altar of Makhleb.
     2 | D        | Found a deep blue altar of Sif Muna.
     3 | D        | Found a bloodstained altar of Trog.
     6 | D        | Found an iron altar of Okawaru.
    14 | D        | Banished a spatial maelstrom
    20 | D        | Found a radiant altar of Vehumet.
    23 | D        | Found a basalt altar of Yredelemnul.
    24 | D        | Found a shimmering altar of Xom.
    40 | D        | Became a worshipper of Vehumet
    45 | D        | Reached skill level 5 in Fighting
    45 | D        | Reached skill level 5 in Spellcasting
    45 | D        | Reached XP level 2. HP: 14/24 MP: 3/9
   135 | D        | Learned a level 2 spell: Throw Flame
   174 | D        | Entered arena 1.
   174 | D        | Noticed a wight
   174 | D        | Noticed a necrophage
   178 | D        | Killed a necrophage
   178 | D        | Reached skill level 6 in Fire Magic
   178 | D        | Reached XP level 3. HP: 29/29 MP: 11/11
   178 | D        | Reached XP level 4. HP: 35/35 MP: 13/13
   179 | D        | Killed a wight
   179 | D        | Reached skill level 7 in Fire Magic
   179 | D        | Reached XP level 5. HP: 39/39 MP: 15/15
   189 | D        | Learned a level 5 spell: Fireball
   189 | D        | Entered arena 2.
   189 | D        | Noticed a wolf
   189 | D        | Noticed a purple ugly thing
   189 | D        | Noticed a fire drake
   194 | D        | Killed a wolf
   194 | D        | Acquired Vehumet's first power
   194 | D        | Offered knowledge of Sandblast by Vehumet.
   194 | D        | Reached skill level 5 in Conjurations
   194 | D        | Reached skill level 9 in Fire Magic
   194 | D        | Reached XP level 6. HP: 45/45 MP: 17/17
   198 | D        | Killed a purple ugly thing
   198 | D        | Reached XP level 7. HP: 50/50 MP: 22/22
   204 | D        | Killed a fire drake
   204 | D        | Reached XP level 8. HP: 55/55 MP: 24/25
   211 | D        | Entered arena 3.
   211 | D        | Noticed a deep elf knight
   211 | D        | Noticed a deep elf fighter
   211 | D        | Noticed a deep elf priest
   218 | D        | Killed a deep elf knight
   218 | D        | Reached skill level 5 in Staves
   218 | D        | Reached skill level 10 in Spellcasting
   219 | D        | Killed a deep elf fighter
   220 | D        | Killed a deep elf priest
   220 | D        | Reached XP level 9. HP: 55/61 MP: 20/28
   228 | D        | Entered arena 4.
   228 | D        | Noticed a deep elf mage
   228 | D        | Noticed a deep elf conjurer
   228 | D        | Noticed a deep elf mage
   229 | D        | Killed a deep elf mage
   229 | D        | Reached skill level 11 in Spellcasting
   229 | D        | Killed a deep elf mage
   229 | D        | Acquired Vehumet's second power
   231 | D        | Killed a deep elf conjurer
   260 | D        | Learned a level 6 spell: Mass Confusion
   264 | D        | Learned a level 3 spell: Stone Arrow
   353 | D        | Entered arena 5.
   353 | D        | Noticed a water moccasin
   353 | D        | Noticed a water moccasin
   354 | D        | Acquired Vehumet's third power
   354 | D        | Killed a water moccasin
   354 | D        | Killed a water moccasin
   476 | D        | Entered arena 6.
   476 | D        | Noticed a vampire mosquito
   476 | D        | Noticed a stone giant
   476 | D        | Noticed an orb spider
   476 | D        | Noticed a kobold demonologist
   476 | D        | Noticed an ironbrand convoker
   476 | D        | Noticed an orc knight
   478 | D        | Killed an ironbrand convoker
   478 | D        | Offered knowledge of Magic Dart by Vehumet.
   479 | D        | Noticed a hellwing
   479 | D        | Killed a vampire mosquito
   479 | D        | Reached XP level 10. HP: 55/66 MP: 23/30
   479 | D        | Killed an orb spider
   481 | D        | Killed an orc knight
   481 | D        | Reached skill level 10 in Hexes
   483 | D        | Killed a kobold demonologist
   483 | D        | Killed a stone giant
   483 | D        | Reached skill level 12 in Hexes
   508 | D        | Learned a level 5 spell: Phase Shift
   653 | D        | Entered arena 7.
   653 | D        | Noticed a jumping spider
   653 | D        | Noticed a tarantella
   653 | D        | Noticed a jumping spider
   653 | D        | Noticed a wolf spider
   653 | D        | Noticed a scorpion
   654 | D        | Offered knowledge of Static Discharge by Vehumet.
   654 | D        | Killed a tarantella
   654 | D        | Killed a jumping spider
   655 | D        | Killed a wolf spider
   655 | D        | Reached skill level 5 in Translocations
   655 | D        | Killed a jumping spider
   655 | D        | Reached XP level 11. HP: 65/71 MP: 31/31
   655 | D        | Killed a scorpion
   663 | D        | Identified Deufal's Grimoire of the Frostbite (You found it in the Dungeon)
   671 | D        | Learned a level 6 spell: Freezing Cloud
   709 | D        | Entered arena 8.
   709 | D        | Noticed an iron imp
   709 | D        | Noticed a hellwing
   709 | D        | Noticed an iron imp
   709 | D        | Noticed a quasit
   712 | D        | Killed a quasit
   718 | D        | Killed an iron imp
   718 | D        | Reached skill level 1 in Ice Magic
   728 | D        | Killed a hellwing
   729 | D        | Killed an iron imp
   733 | D        | Identified Cerebov's Grimoire of Confrontation and the Volcanoes (You found it in the Dungeon)
   738 | D        | Learned a level 3 spell: Mephitic Cloud
   922 | D        | Entered arena 9.
   922 | D        | Noticed a deep elf mage
   922 | D        | Noticed a deep elf mage
   922 | D        | Noticed a deep elf conjurer
   922 | D        | Noticed a deep elf conjurer
   922 | D        | Noticed a deep elf priest
   922 | D        | Noticed a deep elf fighter
   922 | D        | Noticed a deep elf conjurer
   924 | D        | Killed a deep elf mage
   924 | D        | Offered knowledge of Airstrike by Vehumet.
   926 | D        | Killed a deep elf conjurer
   926 | D        | Killed a deep elf fighter
   926 | D        | Killed a deep elf mage
   927 | D        | Killed a deep elf conjurer
   928 | D        | Killed a deep elf conjurer
   928 | D        | Reached skill level 5 in Ice Magic
   928 | D        | Reached skill level 5 in Air Magic
   928 | D        | Killed a deep elf priest
  1205 | D        | Entered arena 10.
  1205 | D        | Noticed a spriggan
  1205 | D        | Noticed a spriggan rider
  1205 | D        | Noticed a spriggan
  1205 | D        | Noticed a wolf
  1205 | D        | Noticed a wolf
  1205 | D        | Noticed a spriggan rider
  1205 | D        | Noticed a wolf
  1205 | D        | Noticed a spriggan rider
  1205 | D        | Noticed a spriggan rider
  1206 | D        | Killed a wasp
  1206 | D        | Offered knowledge of Venom Bolt by Vehumet.
  1207 | D        | Killed a spriggan
  1207 | D        | Killed a spriggan
  1208 | D        | Killed a wolf
  1208 | D        | Killed a wolf
  1208 | D        | Killed a spriggan
  1208 | D        | Reached skill level 13 in Spellcasting
  1209 | D        | Killed a wasp
  1209 | D        | Killed a spriggan
  1210 | D        | Killed a wasp
  1210 | D        | Killed a spriggan
  1210 | D        | Killed a spriggan
  1215 | D        | Killed a wolf
  1218 | D        | Killed a wasp
  1218 | D        | Reached skill level 10 in Dodging
  1237 | D        | Learned a level 1 spell: Apportation
  1378 | D        | Entered arena 11.
  1378 | D        | Noticed a yellow draconian
  1378 | D        | Noticed a mottled draconian
  1378 | D        | Noticed a purple draconian
  1378 | D        | Noticed a black draconian
  1378 | D        | Noticed a tentacled monstrosity
  1378 | D        | Noticed a mottled draconian
  1378 | D        | Noticed a grey draconian
  1378 | D        | Noticed a purple draconian
  1379 | D        | Noticed a green draconian
  1379 | D        | Noticed an ice dragon
  1390 | D        | Killed a purple draconian
  1390 | D        | Offered knowledge of Bolt of Magma by Vehumet.
  1391 | D        | Killed a mottled draconian
  1391 | D        | Reached skill level 14 in Spellcasting
  1393 | D        | Killed a yellow draconian
  1395 | D        | Killed a mottled draconian
  1395 | D        | Reached skill level 15 in Spellcasting
  1395 | D        | Reached XP level 12. HP: 77/77 MP: 34/34
  1401 | D        | Slain by a tentacled monstrosity

Action                   |  1- 3 |  4- 6 |  7- 9 | 10-12 || total
-------------------------+-------+-------+-------+-------++-------
Melee: Quarterstaff      |     1 |     5 |     7 |    21 ||    34
 Cast: Fireball          |       |       |     8 |    14 ||    22
       Mass Confusion    |       |       |       |     4 ||     4
       Freezing Cloud    |       |       |       |     5 ||     5
       Phase Shift       |       |       |       |     2 ||     2
       Mephitic Cloud    |       |       |       |     1 ||     1
       Stone Arrow       |       |       |       |     1 ||     1
Evoke: Deck              |       |       |       |     2 ||     2
       Wand              |       |       |       |     1 ||     1
  Use: Potion            |     5 |       |       |     7 ||    12
       Scroll            |       |       |     2 |     1 ||     3
 Stab: Sleeping          |     1 |     3 |     1 |       ||     5
       Invisible         |       |     1 |     2 |       ||     3
  Eat: Fruit             |     2 |       |       |       ||     2
       Chunk             |       |       |     2 |     3 ||     5
